 Dungeon Crawl Stone Soup version 0.22-a0-86-g94e0ad4 (console) character file.

18 Evablue the Skirmisher (level 2, -8/28 HPs)
             Began as a Naga Fighter on Jan 20, 2018.
             Mangled by a worm (9 damage)
             ... on level 2 of the Dungeon.
             The game lasted 00:01:50 (1239 turns).

Evablue the Skirmisher (Naga Fighter)               Turns: 1239, Time: 00:01:51

Health: -8/28      AC:  5    Str: 18    XL:     2   Next: 66%
Magic:  2/2        EV:  3    Int:  8    God:
Gold:   68         SH:  8    Dex: 10    Spells: 1/1 levels left

rFire    . . .     SeeInvis +   a - +0 flail
rCold    . . .     Gourm    .   c - +0 shield
rNeg     . . .     Faith    +   k - +0 chain mail
rPois    +         Spirit   .   (no helmet)
rElec    .         Reflect  .   j - scarf {cloud immunity}
rCorr    .         Harm     .   (no gloves)
MR       .....                  (no barding)
Stlth    ..........             h - amulet of faith
HPRegen  0.09/turn              (no ring)
MPRegen  0.08/turn              (no ring)

@: short of breath, very slow
A: large, see invisible, deformed body, poison resistance, slowness 2, slow
metabolism 1, spit poison 1, AC +0
a: Spit Poison


You were on level 2 of the Dungeon.
You were hungry.

You visited 1 branch of the dungeon, and saw 2 of its levels.

You collected 68 gold pieces.

Inventory:

Hand Weapons
 a - a +0 flail (weapon)
Armour
 b - a +0 scale mail
 c - a +0 shield (worn)
 j - a scarf of cloud immunity (worn)
 k - a +0 chain mail (worn)
Jewellery
 h - an amulet of faith (around neck)
Scrolls
 g - a scroll of fog {unknown}
 i - a scroll of enchant weapon {unknown}
Potions
 d - a potion of might
 e - a potion of agility {unknown}
 l - a potion of curing {unknown}
 m - a potion of ambrosia {unknown}
Comestibles
 f - 3 rations


   Skills:
 + Level 3.4 Fighting
 + Level 2.2 Maces & Flails
 + Level 2.6 Armour
 + Level 0.1 Dodging
 + Level 2.5 Shields


You had one spell level left.
You didn't know any spells.

Dungeon Overview and Level Annotations

Branches:
Dungeon (2/15)

Altars:


Innate Abilities, Weirdness & Mutations

You cannot wear boots.
Your serpentine skin is tough. (AC +0)
You have supernaturally acute eyesight. (SInv)
Armour fits poorly on your strangely shaped body.
Your system is resistant to poisons. (rPois)
You cover ground very slowly.
You have a slow metabolism.
You can spit poison.


Message History

The goblin hits you but does no damage.
The quokka bites you but does no damage.
You hit the adder but do no damage. The adder bites you but does no damage.
The quokka bites you. The goblin hits you but does no damage.
The adder barely misses you. The worm bites you. The quokka bites you.
* * * LOW HITPOINT WARNING * * *
Unknown command.
Press: ? - help, Shift-Dir - straight line, f/p - adder
Aim: an adder The splash of poison hits the adder.
The adder is poisoned.
The adder is almost dead.
You feel slightly more hungry. You block the adder's attack.
The goblin hits you with a dagger.
* * * LOW HITPOINT WARNING * * *
The quokka bites you.
* * * LOW HITPOINT WARNING * * *
The adder bites you.
* * * LOW HITPOINT WARNING * * *
The worm bites you!
You die...

##.......# #
###.........# ).
...........#
.##..........#
.............
#.K.........
########g.........
.?....S@rb.......#
.....###w.<.......
... #.......... .
#.$........
#..........
#.#........
#.#####.... #.#
.##. .. .


You could see a worm, an adder, a quokka, a goblin, a bat and a kobold.

Vanquished Creatures
  2 dart slugs (D:1)
  2 leopard geckos (D:1)
  2 goblins (D:1)
  5 kobolds (D:1)
  A rat (D:1)
12 creatures vanquished.

Notes
Turn   | Place    | Note
-------+----------+-------------------------------------------
     0 | D:1      | Evablue the Naga Fighter began the quest for the Orb.
     0 | D:1      | Reached XP level 1. HP: 21/21 MP: 1/1
   403 | D:1      | Reached XP level 2. HP: 28/28 MP: 2/2
  1239 | D:2      | HP: 1/28 [adder (2)]
  1239 | D:2      | Mangled by a worm

Vault maps used:
D:1:      eino_arrival_tree_alley, minmay_misc_feat_room
D:2:      nicolae_ru_awakened_eye

Action                   || total
-------------------------++-------
Melee: Flail             ||    69
 Abil: Spit Poison       ||     3
Armor: Scale mail        ||     3
       Chain mail        ||    45
Dodge: Dodged            ||    14
Block: Shield            ||    48

Table legend:
 A = Spawn XP
 B = Non-spawn XP
 C = Spawn XP percentage of total XP
 D = Spawn monster count
 E = Non-spawn monster count
 F = Spawn count percentage of total count
 G = Total turns spent on level
                    A         B        C        D         E        F      G
               +---------+---------+-------+---------+---------+-------+---------
         Total |       0 |      26 |   0.0 |       0 |      12 |   0.0 |  1239
               +---------+---------+-------+---------+---------+-------+---------
           D:1 |       0 |      26 |   0.0 |       0 |      12 |   0.0 |  1224
               +---------+---------+-------+---------+---------+-------+---------
